 Dungeon Crawl Stone Soup version 0.20.1-1-g8b1a95d (webtiles) character file.

2459 digijack the Carver (level 9, -2/77 HPs)
             Began as a Minotaur Fighter on Nov 26, 2017.
             Was an Elder of Ru.
             Slain by a redback (14 damage)
             ... summoned by a deep elf mage
             ... on level 8 of the Dungeon on Nov 27, 2017.
             The game lasted 00:45:56 (7124 turns).

digijack the Carver (Minotaur Fighter)              Turns: 7124, Time: 00:45:57

Health: -2/77      AC: -3    Str: 33      XL:     9   Next: 26%
Magic:  8/8        EV: 10    Int:  5      God:    Ru [****..]
Gold:   298        SH:  0    Dex: 13 (14) Spells: 8/8 levels left

rFire    + . .     SeeInvis .   a - +1 long sword
rCold    + . .     Gourm    .   (no shield)
rNeg     . . .     Faith    .   b - +0 scale mail
rPois    .         Spirit   .   (helmet restricted)
rElec    .         Reflect  .   g - +1 cloak
rCorr    .         Harm     .   s - +0 pair of gloves
MR       .....                  t - +0 pair of boots
Stlth    ..........             (no amulet)
Regen    0.3/turn               l - +3 ring of protection
MPRegen  0.2/turn               r - ring "Tyxtied" {rF+ rC+ Str+4 Dex+2}

@: mighty, corroded, drained
A: retaliatory headbutt, horns 2, thin skeletal structure 1, deterioration 1,
frail 1, screaming 1, inexperienced 1
a: Draw Out Power, Power Leap, Renounce Religion


You were on level 8 of the Dungeon.
You worshipped Ru.
Ru was greatly pleased with you.
You were not hungry.

You visited 1 branch of the dungeon, and saw 8 of its levels.

You collected 298 gold pieces.

Inventory:

Hand Weapons
 a - a +1 long sword (weapon)
Armour
 b - a +0 scale mail (worn)
 g - a +1 cloak (worn)
 s - a +0 pair of gloves (worn)
 t - a +0 pair of boots (worn)
Jewellery
 l - a +3 ring of protection (left hand)
 r - the ring "Tyxtied" (right hand) {rF+ rC+ Str+4 Dex+2}
   (You took it off a centaur on level 7 of the Dungeon)

   [ring of protection from cold]

   It affects your strength (+4).
   It affects your dexterity (+2).
   It protects you from fire.
   It protects you from cold.
Scrolls
 e - 2 scrolls of remove curse
 i - 11 scrolls of identify
 m - a scroll of amnesia
 p - 2 scrolls of fog
Potions
 k - 3 potions of flight
 n - 2 potions of heal wounds
Comestibles
 f - 3 bread rations
 h - 3 meat rations
 j - 6 fruits
 q - a royal jelly


   Skills:
 + Level 10.7(10.0) Fighting
 + Level 11.0(10.3) Long Blades
 + Level 10.2(9.5) Armour
   Level 3.6(3.0) Shields


You had 8 spell levels left.
You didn't know any spells.

Dungeon Overview and Level Annotations

Branches:
Dungeon (8/15)             Temple (0/1) D:4
   Lair: D:8-11

Altars:
Ashenzari
Gozag
Kikubaaqudgha
Okawaru
Ru
Uskayaw
Xom
Yredelemnul


Innate Abilities, Weirdness & Mutations

You reflexively headbutt those who attack you in melee.
You have a pair of horns on your head.
You are frail. (-10% HP)
You are somewhat inexperienced. (-2 XL)
You have a somewhat thin skeletal structure. (Dex +2, Stealth)
Your body sometimes deteriorates upon taking damage.
You occasionally shout uncontrollably at your foes.


Message History

You kill the rust devil!
You redirect the deep elf mage's attack!
The deep elf mage mumbles some strange words.
The deep elf mage blinks!
The deep elf mage mumbles some strange words.
The deep elf mage gestures wildly while chanting.
The deep elf mage casts a spell.
The deep elf mage casts a spell.
The deep elf mage blinks!
The redback is stunned by your will and fails to attack.
You closely miss the redback. The redback bites you!
The redback is stunned by your will and fails to attack.
The deep elf mage mumbles some strange words.
There are monsters nearby!
The redback bites you!
* * * LOW HITPOINT WARNING * * *
Your body deteriorates!
You feel clumsy.
You redirect the deep elf mage's attack!
The redback bites you!
You die...

##(##
##.###.##.#
##(##
##.##.#...
#)#'#######'#'#
.
#.##.........##
.
##.##.#.#.#.#.#
# #.#.#
#.#.#.###
##.#.##..#.#..#
.
#.###.##.#.#.##
#
##4#@#r##.#.#.#
#s##s##.###.###
##s#!.$#.##...#
#s###e###.##.##
#..4......##.#
##############


You could see an orange demon, a deep elf mage, a red devil, 2 tarantellas, 2
redbacks and a hell rat.

Vanquished Creatures
  A centaur warrior (D:8)
  The ghost of hilaritas the Arsonist, a novice DEFE of Vehumet (D:7)
  A kobold demonologist (D:8)
  A soldier ant (D:8)
  4 orc warriors
  5 ogres
  2 phantoms
  A sky beast (D:8)
  A centaur (D:7)
  The ghost of AdmiralAndromeda the Insei, an amateur DsGl (D:3)
  2 bullfrogs (D:6)
  A water moccasin skeleton (D:8)
  7 scorpions
  6 killer bees (D:7)
  A wight (D:8)
  A howler monkey (D:4)
  2 crimson imps
  A centaur zombie (D:6)
  2 hounds
  4 orc priests
  Crazy Yiuf (D:3)
  3 jellies
  3 bullfrog skeletons
  Terence (D:3)
  An iguana (D:4)
  An orc wizard (D:7)
  7 worker ants
  A hound skeleton (D:4)
  A worker ant zombie (D:8)
  A howler monkey zombie (D:8)
  7 adders
  3 shadow imps
  3 adder skeletons
  A worm (D:2)
  5 leopard geckos
  11 orcs
  7 giant cockroaches
  10 hobgoblins
  6 jackals
  A quokka (D:4)
  3 ball pythons
  13 bats
  5 frilled lizards
  3 goblins
  A jackal skeleton (D:7)
  3 kobolds
  A leopard gecko skeleton (D:4)
  4 rats
  2 fungi (D:6)
154 creatures vanquished.

Vanquished Creatures (others)
  A centaur (D:8)
  An orc priest (D:7)
  An orc (D:8)
  3 fungi (D:6)
6 creatures vanquished.

Grand Total: 160 creatures vanquished

Notes
Turn   | Place    | Note
-------+----------+-------------------------------------------
     0 | D:1      | digijack the Minotaur Fighter began the quest for the Orb.
     0 | D:1      | Reached XP level 1. HP: 19/19 MP: 0/0
   206 | D:1      | Reached XP level 2. HP: 27/27 MP: 1/1
   443 | D:1      | Reached skill level 3 in Long Blades
   865 | D:2      | Reached XP level 3. HP: 24/33 MP: 2/2
  1008 | D:2      | Found an iron altar of Okawaru.
  1205 | D:2      | Found an ancient bone altar of Kikubaaqudgha.
  1206 | D:2      | Found a sacrificial altar of Ru.
  1231 | D:2      | Became a worshipper of Ru the Awakened
  1353 | D:3      | Noticed Terence
  1357 | D:3      | Noticed AdmiralAndromeda's ghost (amateur DsGl)
  1666 | D:3      | Killed AdmiralAndromeda's ghost
  1666 | D:3      | Reached skill level 5 in Fighting
  1666 | D:3      | Reached skill level 4 in Long Blades
  1666 | D:3      | Reached XP level 4. HP: 18/42 MP: 3/3
  1837 | D:3      | Killed Terence
  1837 | D:3      | Reached XP level 5. HP: 48/48 MP: 4/4
  1984 | D:3      | Found an opulent altar of Gozag.
  2141 | D:3      | Found a runed door.
  2145 | D:3      | Noticed Crazy Yiuf
  2153 | D:3      | Killed Crazy Yiuf
  2153 | D:3      | Reached skill level 5 in Armour
  2294 | D:4      | Noticed an ogre
  2299 | D:4      | Killed an ogre
  2299 | D:4      | Reached skill level 5 in Long Blades
  2299 | D:4      | Reached XP level 6. HP: 14/57 MP: 5/5
  2566 | D:4      | Found a hide-covered altar of Uskayaw.
  2723 | D:4      | Reached skill level 6 in Long Blades
  2826 | D:4      | Found a staircase to the Ecumenical Temple.
  2863 | D:4      | Found a shimmering altar of Xom.
  2896 | D:4      | Reached XP level 7. HP: 55/63 MP: 6/6
  3240 | D:4      | Reached skill level 7 in Long Blades
  3471 | D:5      | Entered Level 5 of the Dungeon
  3579 | D:5      | Gained mutation: You are frail. (-10% HP) [Ru sacrifice]
  3579 | D:5      | Reached * piety under Ru
  3579 | D:5      | Reached ** piety under Ru
  4084 | D:5      | Reached XP level 8. HP: 59/65 MP: 7/7
  4334 | D:6      | Reached skill level 8 in Long Blades
  4993 | D:6      | Reached skill level 9 in Long Blades
  5256 | D:7      | Found a shattered altar of Ashenzari.
  5349 | D:7      | Noticed hilaritas's ghost (novice DEFE)
  5376 | D:7      | Killed hilaritas's ghost
  5376 | D:7      | Reached XP level 9. HP: 51/74 MP: 8/8
  6252 | D:7      | Gained mutation: You are somewhat inexperienced. (-2 XL) [Ru sacrifice]
  6252 | D:7      | Reached XP level 8. HP: 70/70 MP: 7/7
  6252 | D:7      | Reached XP level 7. HP: 63/63 MP: 6/6
  6252 | D:7      | Reached *** piety under Ru
  6252 | D:7      | Reached **** piety under Ru
  6285 | D:7      | Reached skill level 10 in Long Blades
  6336 | D:7      | Found a shattered altar of Ashenzari.
  6336 | D:7      | Found a basalt altar of Yredelemnul.
  6461 | D:7      | Got a crude lapis lazuli ring
  6462 | D:7      | Identified the ring "Tyxtied" {rF+ rC+ Str+4 Dex+2} (You took it off a centaur on level 7 of the Dungeon)
  6532 | D:7      | Reached XP level 8. HP: 71/71 MP: 7/7
  6811 | D:8      | Reached skill level 10 in Fighting
  6931 | D:8      | Noticed a centaur warrior
  6931 | D:8      | Noticed a deep elf mage
  6931 | D:8      | Noticed a kobold demonologist
  6949 | D:8      | Killed a centaur warrior
  6955 | D:8      | Reached skill level 10 in Armour
  6959 | D:8      | Reached XP level 9. HP: 53/77 MP: 8/8
  6962 | D:8      | Noticed a sixfirhy
  6964 | D:8      | Killed a kobold demonologist
  6971 | D:8      | Gained mutation: You occasionally shout uncontrollably at your foes. [mutagenic meat]
  6972 | D:8      | Gained mutation: Your body sometimes deteriorates upon taking damage. [mutagenic meat]
  6973 | D:8      | Gained mutation: You have a somewhat thin skeletal structure. (Dex +2, Stealth) [mutagenic meat]
  7084 | D:8      | Reached skill level 11 in Long Blades
  7092 | D:8      | Noticed a rust devil
  7096 | D:8      | Noticed a rust devil
  7114 | D:8      | Noticed a red devil
  7122 | D:8      | Noticed an orange demon
  7124 | D:8      | Slain by a redback

Skill      XL: |  1  2  3  4  5  6  7  8  9 |
---------------+----------------------------+-----
Long Blades    | 3 4 5 6 10 9 11 | 11.0
Armour         | 4 5 6 10 9 | 10.2
Fighting       | 4 5 6 7 10 | 10.7
Shields        | |  3.6

Action                   |  1- 3 |  4- 6 |  7- 9 || total
-------------------------+-------+-------+-------++-------
Melee: Long sword        |   101 |    58 |   307 ||   466
       Headbutt          |    13 |    13 |    79 ||   105
Invok: Sacrifice Health  |       |       |     1 ||     1
       Sacrifice Experie |       |       |     1 ||     1
  Use: Scroll            |     8 |     1 |     5 ||    14
       Potion            |     4 |     2 |     7 ||    13
 Stab: Held in net/web   |       |       |     1 ||     1
       Distracted        |       |       |     2 ||     2
  Eat: Chunk             |     2 |     3 |    11 ||    16
       Fruit             |     1 |       |       ||     1
       Royal jelly       |       |       |     1 ||     1
       Bread ration      |       |       |     1 ||     1
Armor: Chain mail        |    26 |       |       ||    26
       Scale mail        |    46 |    20 |   106 ||   172
Dodge: Dodged            |    50 |    18 |   112 ||   180
       Rpst.: Long sword |    12 |     7 |    34 ||    53
